 Dungeon Crawl Stone Soup version 0.30.0-20-g3615ddf2f0 (webtiles) character file.

Game seed: 7470761842825298791

25010 qw the Cleaver (level 13, -6/84 HPs)
             Began as a Gargoyle Fighter on May 27, 2023.
             Mangled by Erica
             ... wielding a +4 scimitar of flaming
              (7 damage)
             ... on level 2 of the Lair of Beasts.
             The game lasted 00:06:47 (12122 turns).

qw the Cleaver (Gargoyle Fighter)                  Turns: 12122, Time: 00:06:47

Health: -6/84      AC:  0    Str: 25    XL:     13   Next: 16%
Magic:  13/13      EV: 19    Int:  9    God:
Gold:   529        SH:  5    Dex: 14    Spells: 12/12 levels left

rFire   . . .        o - melded +0 war axe (spect)
rCold   . . .        c - melded +0 buckler
rNeg    + . .        p - melded +0 plate armour
rPois   inf          a - melded +0 helmet
rElec   .            k - melded +0 cloak
rCorr   .            v - melded +1 pair of gloves
SInv    .            h - melded +0 pair of boots
Will    .....        f - amulet of reflection
Stlth   +            y - melded +4 ring of slaying {mikee}
HPRegen 0.34/turn    j - melded ring of protection from fire
MPRegen 0.13/turn

%: reflection
@: bat-form, flying, very quick
A: fast, flying, no casting, sickness immunity, AC +9, tiny, negative energy
resistance 1, (electricity resistance), torment resistance 1, petrification
resistance
a: no special abilities


You were on level 2 of the Lair of Beasts.
You were a bat.
You visited 3 branches of the dungeon, and saw 14 of its levels.

You collected 804 gold pieces.
You spent 275 gold pieces at shops.


Innate Abilities, Weirdness & Mutations

You are a bat.
You are tiny and dextrous.
You move quickly.
You are flying.
Your equipment is almost entirely melded.
You are incapable of wielding weapons or throwing items.
You cannot cast spells.
You are immune to sickness and miasma.
((Your stone body is resilient. (AC +9)))
You are immune to poison.
You resist negative energy. (rN+)
((You are resistant to electric shocks. (rElec)))
You are resistant to unholy torment.
You are immune to petrification.


   Skills:
 - Level 11.0 Fighting
 - Level 14.9 Axes
 - Level 2.5 Throwing
 - Level 11.0 Armour
 + Level 2.0 Dodging
 - Level 7.2 Shields


You had 12 spell levels left.
You didn't know any spells.
Your spell library was empty.

Inventory:

Hand Weapons
 o - a +0 spectral war axe (melded)
 s - a +0 morningstar
Armour
 a - a +0 helmet (melded)
 c - a +0 buckler (melded)
 h - a +0 pair of boots (melded)
 k - a +0 cloak (melded)
 p - a +0 plate armour (melded)
 v - a +1 pair of gloves (melded)
 w - the +0 scale mail of the Sandy God {rPois rCorr Str+3}
   (You found it on level 11 of the Dungeon)

   Str:       It affects your strength (+3).
   rPois:     It protects you from poison.
   rCorr:     It protects you from acid and corrosion.
Jewellery
 b - a +6 ring of dexterity
 f - an amulet of reflection (around neck)
 j - a ring of protection from fire (melded)
 l - a ring of protection from fire
 y - a +4 ring of slaying (melded) {mikee}
Scrolls
 g - 11 scrolls of identify
 t - 5 scrolls of teleportation
 x - 2 scrolls of brand weapon
Potions
 d - 3 potions of might
 e - a potion of cancellation
 i - 2 potions of haste
 m - a potion of heal wounds
 n - 2 potions of attraction
 q - 4 potions of mutation
 r - a potion of resistance
 u - 3 potions of lignification
 z - a potion of curing

Dungeon Overview and Level Annotations

Branches:
Dungeon (11/15)            Temple (1/1) D:4            Lair (2/5) D:10
  Snake (0/4) Lair:2          Orc (0/2) D:10
  Swamp: Lair:2-3    Shoals: Lair:2-3

Altars:
Ashenzari
Cheibriados
Dithmenos
Elyvilon
Fedhas
Gozag
Hepliaklqana
Kikubaaqudgha
Makhleb
Nemelex Xobeh
Okawaru
Qazlal
Ru
Sif Muna
Trog
Uskayaw
Vehumet
Wu Jian
Xom
Yredelemnul
Zin
The Shining One

Shops:
D:1 [   D:6 =

Annotations:
D:6 1 runed translucent door, Crazy Yiuf
Lair:2 Erica


Message History

You swing at nothing.
You swing at nothing.
You hear a zap.
Something tries to affect you, but you resist.
You swing at nothing.
You hear a zap.
You turn into a bat.
Your +0 spectral war axe melds into your body.
Your +0 cloak melds into your body.
Your +0 helmet melds into your body.
Your +1 pair of gloves melds into your body.
Your +0 pair of boots melds into your body.
Your +0 buckler melds into your body.
Your +0 plate armour melds into your body.
Your +4 ring of slaying {mikee} melds into your body.
Your ring of protection from fire melds into your body.
12113 ||| PLANNING OKAWARU WORSHIP You swing at nothing.
You swing at nothing.
Something tries to affect you, but you resist.
You swing at nothing.
You swing at nothing.
Something hits you. Something burns you.
You swing at nothing.
You swing at nothing.
You hear some strange, mumbled words.
A lance of force appears from out of thin air!
The lance of force hits you!
You are knocked back by the lance of force.
You slam into the rock wall!
You hit something.
You hear some strange, mumbled words.
You are confused.
You completely miss something. Something hits you!! Something burns you!
12121 ||| DRINKING 2 potions of curing.
You feel better.
12121 ||| (to cure confusion)
Something hits you! Something burns you.
You hit something. Something hits you!
You die...

#.....#.#.~~...>.~(~~....
#.....#...~~..~.~..~~##..
P.P#......~~~~.~..~~~.#..
...........~~~.~.~~~.....
#..........~~~~~~~~..P..#
.#.#.#.......~~~~~.##..P#
.......%........P##..##
....#.##..%##.......#..P#
#..... #b{..##.#.......##
#.P..# #.#..###........#
.... ...((...... ..###
.#. ..(###...... ..(##
Y.... ..## Y##.. ... ..
##.


There were no monsters in sight!

Vanquished Creatures
  A fire dragon (D:11)
  A catoblepas (Lair:2)
  An ogre mage (D:11)
  2 boulder beetles (D:11)
  A tengu warrior (D:11)
  3 two-headed ogres (D:11)
  Urug (Lair:2)
  Pikel (D:6)
  2 cyclopes (D:11)
  An ugly thing (D:11)
  2 black mambas
  2 cane toads
  A gargoyle (D:11)
  An unseen horror (D:11)
  A kobold demonologist (D:11)
  5 komodo dragons
  A troll (D:11)
  3 polar bears (D:9)
  5 blink frogs (Lair:1)
  A shadow (D:11)
  31 yaks
  Eustachio (D:6)
  3 vampire mosquitoes (D:11)
  A wyvern (D:9)
  A steam dragon (D:10)
  A naga (Lair:2)
  11 water moccasins
  3 ice beasts
  6 black bears
  3 orc warriors
  A sky beast (D:7)
  2 ogres (D:5)
  9 wolves
  5 centaurs
  A lemure (D:6)
  3 kobold brigands
  A phantom (D:7)
  A scorpion (D:5)
  A gnoll sergeant (D:9)
  10 bullfrogs
  21 killer bees
  3 electric eels (D:9)
  2 howler monkeys
  A lava snake (D:7)
  3 jellies
  4 orc priests
  3 hounds
  A sleepcap (D:5)
  2 iguanas
  10 orc wizards
  2 hell rats (Lair:2)
  3 centaur simulacra
  A mummy (D:6)
  7 gnolls
  5 adders
  2 shadow imps (D:6)
  4 white imps
  4 ufetubi
  3 worms
  4 dart slugs
  22 orcs
  9 ball pythons
  3 bats
  4 endoplasms
  A giant cockroach (D:1)
  4 goblins
  7 hobgoblins
  7 jackals
  5 quokkas
  A frilled lizard (D:3)
  12 kobolds
  2 kobold zombies (D:6)
  2 orc zombies (D:6)
  6 rats
  A spectral weapon (D:7)
302 creatures vanquished.

Vanquished Creatures (others)
  A human (D:4)
  An orc wizard (D:5)
  A howler monkey simulacrum (D:9)
  An orc (D:5)
  4 spectral weapons
8 creatures vanquished.

Grand Total: 310 creatures vanquished

Notes
Turn   | Place    | Note
-------+----------+-------------------------------------------
     0 | D:1      | qw the Gargoyle Fighter began the quest for the Orb.
     0 | D:1      | Reached XP level 1. HP: 14/14 MP: 1/1
     0 | D:1      | 0 ||| qw: Version: 0.2-a-99-gce666ed
     0 | D:1      | 0 ||| qw: Game counter: 125
     0 | D:1      | 0 ||| qw: Always use a shield: true
     0 | D:1      | 0 ||| qw: God list: Okawaru
     0 | D:1      | 0 ||| qw: Allow faded altars: false
     0 | D:1      | 0 ||| qw: Do Orc after D:15 true
     0 | D:1      | 0 ||| qw: Do second Lair branch before Depths: true
     0 | D:1      | 0 ||| qw: Lair rune preference: random
     0 | D:1      | 0 ||| qw: Plans: Normal, Zot:1-4, God:TSO, Crypt, Tomb,
                  | Pan, Slime:5, Hells, Abyss, Win
     0 | D:1      | 0 ||| PLANNING D:1-11
    83 | D:1      | Found Ruph's Antique Armour Shoppe.
    93 | D:1      | Reached skill level 2 in Axes
   100 | D:1      | 100 ||| Stepping ~*~*~tactically~*~*~ (stealth).
   108 | D:1      | 108 ||| Stepping ~*~*~tactically~*~*~ (stealth).
   109 | D:1      | 109 ||| Stepping ~*~*~tactically~*~*~ (stealth).
   122 | D:1      | Reached XP level 2. HP: 16/19 MP: 2/2
   133 | D:1      | 133 ||| SHOPLISTING chain mail (112 gold, have 0).
   133 | D:1      | 133 ||| SHOPLISTING pair of gloves (112 gold, have 0).
   133 | D:1      | 133 ||| SHOPLISTING spiked ring mail (225 gold, have 0).
   133 | D:1      | 133 ||| SHOPLISTING translucent ring mail (225 gold, have
                  | 0).
   174 | D:1      | 174 ||| Stepping ~*~*~tactically~*~*~ (hiding).
   328 | D:1      | 328 ||| Stepping ~*~*~tactically~*~*~ (hiding).
   489 | D:1      | 489 ||| Stepping ~*~*~tactically~*~*~ (hiding).
   502 | D:1      | Reached skill level 3 in Axes
   842 | D:1      | 842 ||| UPGRADING to amulet of the acrobat.
   847 | D:1      | 847 ||| UPGRADING to ring of protection from fire.
   848 | D:1      | 848 ||| UPGRADING to +6 ring of dexterity.
   849 | D:1      | 849 ||| READING scroll labelled UXULOF FURIE.
   850 | D:1      | 850 ||| READING 2 scrolls labelled NUNWOC ZAQUTAG.
   851 | D:1      | 851 ||| READING scroll labelled QUCKIK OFEFF.
   852 | D:1      | 852 ||| READING scroll labelled NUALAE EROWI.
   905 | D:2      | Reached XP level 3. HP: 23/23 MP: 3/3
   964 | D:2      | 964 ||| Stepping ~*~*~tactically~*~*~ (stealth).
  1093 | D:2      | Reached skill level 1 in Dodging
  1196 | D:2      | Reached XP level 4. HP: 28/28 MP: 4/4
  1436 | D:2      | 1436 ||| READING scroll of brand weapon.
  1436 | D:2      | 1436 ||| BRANDING +0 war axe of chaos.
  1582 | D:2      | 1582 ||| UPGRADING to +0 pair of boots.
  1587 | D:2      | 1587 ||| UPGRADING to amulet of reflection.
  1597 | D:2      | 1597 ||| DROPPING amulet of the acrobat.
  1598 | D:2      | 1598 ||| READING scroll labelled LAIMUZ ARYJAY.
  1599 | D:2      | 1599 ||| READING scroll labelled LUCRIALOZO.
  1604 | D:2      | 1604 ||| DRINKING 2 fuming dark potions.
  1605 | D:2      | 1605 ||| READING 2 scrolls of identify.
  1605 | D:2      | 1605 ||| IDENTIFYING orange potion
  1606 | D:2      | 1606 ||| DRINKING potion of experience.
  1606 | D:2      | Reached skill level 11 in Axes
  1606 | D:2      | Reached XP level 5. HP: 32/32 MP: 5/5
  1654 | D:3      | 1654 ||| Stepping ~*~*~tactically~*~*~ (hiding).
  1768 | D:3      | Found a faded altar of an unknown god.
  1852 | D:3      | 1852 ||| DRINKING 2 metallic orange potions.
  1963 | D:3      | Found a glowing silver altar of Zin.
  2341 | D:3      | 2341 ||| UPGRADING to +0 helmet.
  2346 | D:3      | 2346 ||| DRINKING 2 amethyst potions.
  2347 | D:3      | 2347 ||| READING 2 scrolls of identify.
  2347 | D:3      | 2347 ||| IDENTIFYING sedimented green potion
  2375 | D:4      | Found a staircase to the Ecumenical Temple.
  2376 | D:4      | 2376 ||| PLANNING TEMPLE
  2376 | D:4      | 2376 ||| FLEEEEING.
  2377 | D:4      | 2377 ||| FLEEEEING.
  2378 | D:4      | 2378 ||| STAIRDANCE
  2382 | D:4      | 2382 ||| STAIRDANCE
  2402 | D:4      | 2402 ||| STAIRDANCE
  2406 | D:4      | 2406 ||| STAIRDANCE
  2410 | D:4      | 2410 ||| STAIRDANCE
  2414 | D:4      | 2414 ||| STAIRDANCE
  2418 | D:4      | 2418 ||| STAIRDANCE
  2422 | D:4      | 2422 ||| STAIRDANCE
  2426 | D:4      | 2426 ||| STAIRDANCE
  2430 | D:4      | 2430 ||| STAIRDANCE
  2434 | D:4      | 2434 ||| STAIRDANCE
  2438 | D:4      | 2438 ||| STAIRDANCE
  2442 | D:4      | 2442 ||| STAIRDANCE
  2446 | D:4      | 2446 ||| STAIRDANCE
  2450 | D:4      | 2450 ||| STAIRDANCE
  2454 | D:4      | 2454 ||| STAIRDANCE
  2458 | D:4      | 2458 ||| STAIRDANCE
  2462 | D:4      | 2462 ||| STAIRDANCE
  2466 | D:4      | 2466 ||| STAIRDANCE
  2470 | D:4      | 2470 ||| STAIRDANCE
  2474 | D:4      | 2474 ||| Stepping randomly (stuck).
  2475 | D:4      | 2475 ||| Stepping randomly (stuck).
  2476 | D:4      | 2476 ||| Stepping randomly (stuck).
  2477 | D:4      | 2477 ||| Stepping randomly (stuck).
  2478 | D:4      | 2478 ||| Stepping randomly (stuck).
  2479 | D:4      | 2479 ||| Stepping randomly (stuck).
  2480 | D:4      | 2480 ||| Stepping randomly (stuck).
  2481 | D:4      | 2481 ||| Stepping randomly (stuck).
  2482 | D:4      | 2482 ||| Stepping randomly (stuck).
  2483 | D:4      | 2483 ||| Stepping randomly (stuck).
  2484 | D:4      | 2484 ||| Stepping randomly (stuck).
  2485 | D:4      | 2485 ||| Stepping randomly (stuck).
  2486 | D:4      | 2486 ||| Stepping randomly (stuck).
  2487 | D:4      | 2487 ||| Stepping randomly (stuck).
  2488 | D:4      | 2488 ||| Stepping randomly (stuck).
  2489 | D:4      | 2489 ||| Stepping randomly (stuck).
  2490 | D:4      | 2490 ||| Stepping randomly (stuck).
  2491 | D:4      | 2491 ||| Stepping randomly (stuck).
  2492 | D:4      | 2492 ||| Stepping randomly (stuck).
  2493 | D:4      | 2493 ||| Stepping randomly (stuck).
  2494 | D:4      | 2494 ||| Stepping randomly (stuck).
  2495 | D:4      | 2495 ||| Stepping randomly (stuck).
  2496 | D:4      | 2496 ||| Stepping randomly (stuck).
  2497 | D:4      | 2497 ||| Stepping randomly (stuck).
  2498 | D:4      | 2498 ||| Stepping randomly (stuck).
  2499 | D:4      | 2499 ||| Stepping randomly (stuck).
  2500 | D:4      | 2500 ||| Stepping randomly (stuck).
  2501 | D:4      | 2501 ||| Stepping randomly (stuck).
  2502 | D:4      | 2502 ||| Stepping randomly (stuck).
  2503 | D:4      | 2503 ||| Stepping randomly (stuck).
  2504 | D:4      | 2504 ||| Stepping randomly (stuck).
  2505 | D:4      | 2505 ||| Stepping randomly (stuck).
  2506 | D:4      | 2506 ||| Stepping randomly (stuck).
  2507 | D:4      | 2507 ||| Stepping randomly (stuck).
  2508 | D:4      | 2508 ||| Stepping randomly (stuck).
  2509 | D:4      | 2509 ||| Stepping randomly (stuck).
  2510 | D:4      | 2510 ||| Stepping randomly (stuck).
  2511 | D:4      | 2511 ||| Stepping randomly (stuck).
  2512 | D:4      | 2512 ||| Stepping randomly (stuck).
  2513 | D:4      | 2513 ||| Stepping randomly (stuck).
  2514 | D:4      | 2514 ||| Stepping randomly (stuck).
  2515 | D:4      | 2515 ||| Stepping randomly (stuck).
  2516 | D:4      | 2516 ||| Stepping randomly (stuck).
  2517 | D:4      | 2517 ||| Stepping randomly (stuck).
  2518 | D:4      | 2518 ||| Stepping randomly (stuck).
  2519 | D:4      | 2519 ||| Stepping randomly (stuck).
  2520 | D:4      | 2520 ||| Stepping randomly (stuck).
  2521 | D:4      | 2521 ||| Stepping randomly (stuck).
  2522 | D:4      | 2522 ||| Stepping randomly (stuck).
  2523 | D:4      | 2523 ||| Stepping randomly (stuck).
  2524 | D:4      | 2524 ||| Stepping randomly (stuck).
  2525 | D:4      | 2525 ||| Stepping randomly (stuck).
  2526 | D:4      | 2526 ||| Stepping randomly (stuck).
  2527 | D:4      | 2527 ||| Stepping randomly (stuck).
  2528 | D:4      | 2528 ||| Stepping randomly (stuck).
  2529 | D:4      | 2529 ||| Stepping randomly (stuck).
  2530 | D:4      | 2530 ||| Stepping randomly (stuck).
  2531 | D:4      | 2531 ||| Stepping randomly (stuck).
  2532 | D:4      | 2532 ||| Stepping randomly (stuck).
  2533 | D:4      | 2533 ||| Stepping randomly (stuck).
  2534 | D:4      | 2534 ||| Stepping randomly (stuck).
  2535 | D:4      | 2535 ||| Stepping randomly (stuck).
  2536 | D:4      | 2536 ||| Stepping randomly (stuck).
  2537 | D:4      | 2537 ||| Stepping randomly (stuck).
  2538 | D:4      | 2538 ||| Stepping randomly (stuck).
  2539 | D:4      | 2539 ||| Stepping randomly (stuck).
  2540 | D:4      | 2540 ||| Stepping randomly (stuck).
  2541 | D:4      | 2541 ||| Stepping randomly (stuck).
  2542 | D:4      | 2542 ||| Stepping randomly (stuck).
  2543 | D:4      | 2543 ||| Stepping randomly (stuck).
  2544 | D:4      | 2544 ||| Stepping randomly (stuck).
  2545 | D:4      | 2545 ||| Stepping randomly (stuck).
  2546 | D:4      | 2546 ||| Stepping randomly (stuck).
  2547 | D:4      | 2547 ||| Stepping randomly (stuck).
  2548 | D:4      | 2548 ||| Stepping randomly (stuck).
  2549 | D:4      | 2549 ||| Stepping randomly (stuck).
  2550 | D:4      | 2550 ||| Stepping randomly (stuck).
  2552 | D:4      | 2552 ||| Stepping randomly (stuck).
  2553 | D:4      | 2553 ||| Stepping randomly (stuck).
  2554 | D:4      | 2554 ||| Stepping randomly (stuck).
  2569 | Temple   | Entered the Ecumenical Temple
  2712 | Temple   | 2712 ||| PLANNING D:1-11
  2797 | D:4      | 2797 ||| Stepping ~*~*~tactically~*~*~ (stealth).
  3081 | D:4      | Noticed a black bear
  3085 | D:4      | Killed a black bear
  3086 | D:4      | Reached XP level 6. HP: 38/38 MP: 6/6
  3123 | D:4      | Found an ancient bone altar of Kikubaaqudgha.
  3130 | D:4      | Noticed a human
  3132 | D:4      | Killed a human
  3282 | D:4      | 3282 ||| READING scroll labelled WIMAZO VANLAB.
  3283 | D:4      | 3283 ||| READING scroll labelled BEDUYPH RIV TIT.
  3312 | D:4      | 3312 ||| DRINKING 2 white potions.
  3325 | D:5      | Entered Level 5 of the Dungeon
  3352 | D:5      | Reached XP level 7. HP: 28/44 MP: 7/7
  3712 | D:5      | Reached skill level 1 in Throwing
  3781 | D:5      | Reached skill level 6 in Fighting
  3781 | D:5      | Reached XP level 8. HP: 51/51 MP: 8/8
  3855 | D:5      | 3855 ||| Stepping ~*~*~tactically~*~*~ (stealth).
  3857 | D:5      | 3857 ||| Stepping ~*~*~tactically~*~*~ (hiding).
  4173 | D:5      | 4173 ||| Stepping ~*~*~tactically~*~*~ (stealth).
  4282 | D:5      | Found a basalt altar of Yredelemnul.
  4340 | D:5      | 4340 ||| UPGRADING to +0 plate armour.
  4350 | D:5      | 4350 ||| DROPPING +0 scale mail.
  4351 | D:5      | 4351 ||| DROPPING amulet of magic regeneration.
  4376 | D:6      | 4376 ||| Stepping ~*~*~tactically~*~*~ (stealth).
  4380 | D:6      | 4380 ||| Stepping ~*~*~tactically~*~*~ (stealth).
  4382 | D:6      | 4382 ||| Stepping ~*~*~tactically~*~*~ (stealth).
  4412 | D:6      | 4412 ||| Stepping ~*~*~tactically~*~*~ (hiding).
  4413 | D:6      | 4413 ||| Stepping ~*~*~tactically~*~*~ (hiding).
  4414 | D:6      | 4414 ||| Stepping ~*~*~tactically~*~*~ (hiding).
  4471 | D:6      | Found Wafekhoo's Jewellery Emporium.
  4487 | D:6      | 4487 ||| BUYING ring of protection from fire (275 gold).
  4487 | D:6      | Bought a ring of protection from fire for 275 gold pieces
  4487 | D:6      | 4487 ||| SHOPLISTING ring of see invisible (165 gold, have
                  | 28).
  4508 | D:6      | Noticed Eustachio
  4521 | D:6      | Killed Eustachio
  4584 | D:6      | 4584 ||| Stepping ~*~*~tactically~*~*~ (stealth).
  4595 | D:6      | Reached XP level 9. HP: 56/56 MP: 9/9
  4672 | D:6      | Found a shadowy altar of Dithmenos.
  4673 | D:6      | 4673 ||| Stepping ~*~*~tactically~*~*~ (stealth).
  4725 | D:6      | Found a sparkling altar of Nemelex Xobeh.
  4766 | D:6      | Noticed Pikel
  4767 | D:6      | 4767 ||| Stepping ~*~*~tactically~*~*~ (stealth).
  4778 | D:6      | Killed Pikel
  4779 | D:6      | Reached skill level 6 in Armour
  4785 | D:6      | 4785 ||| DROPPING +0 mace.
  4796 | D:6      | Found a runed translucent door.
  4797 | D:6      | Noticed Crazy Yiuf
  4800 | D:6      | 4800 ||| UPGRADING to +0 pair of gloves.
  4805 | D:6      | 4805 ||| READING scroll labelled OSINYH EQYFIOG.
  4806 | D:6      | 4806 ||| DRINKING 2 purple potions.
  4807 | D:6      | 4807 ||| DRINKING 2 potions of curing.
  4807 | D:6      | 4807 ||| (to cure confusion)
  4808 | D:6      | 4808 ||| DROPPING potion of ambrosia.
  4913 | D:7      | 4913 ||| Stepping ~*~*~tactically~*~*~ (stealth).
  4989 | D:7      | 4989 ||| FLEEEEING.
  4990 | D:7      | 4990 ||| FLEEEEING.
  4991 | D:7      | 4991 ||| FLEEEEING.
  4992 | D:7      | 4992 ||| FLEEEEING.
  4993 | D:7      | 4993 ||| FLEEEEING.
  5232 | D:7      | 5232 ||| DRINKING potion of curing.
  5232 | D:7      | 5232 ||| (to cure confusion)
  5447 | D:7      | 5447 ||| Stepping ~*~*~tactically~*~*~ (hiding).
  5448 | D:7      | 5448 ||| Stepping ~*~*~tactically~*~*~ (hiding).
  5868 | D:7      | Reached XP level 10. HP: 64/64 MP: 10/10
  6170 | D:7      | Found a hide-covered altar of Uskayaw.
  6172 | D:7      | 6172 ||| UPGRADING to +0 cloak.
  6177 | D:7      | 6177 ||| UPGRADING to +4 ring of slaying {mikee}.
  6179 | D:7      | 6179 ||| UPGRADING to ring of protection from fire.
  6181 | D:7      | 6181 ||| READING scroll labelled QICOCIOPHI.
  6182 | D:7      | 6182 ||| READING scroll labelled DEAZEEM UTAV.
  6183 | D:7      | 6183 ||| READING 7 scrolls of identify.
  6183 | D:7      | 6183 ||| IDENTIFYING bubbling grey potion
  6200 | D:8      | 6200 ||| Stepping ~*~*~tactically~*~*~ (stealth).
  6315 | D:8      | 6315 ||| Stepping ~*~*~tactically~*~*~ (hiding).
  6331 | D:8      | Found a broken altar of Ashenzari.
  6337 | D:8      | 6337 ||| Stepping ~*~*~tactically~*~*~ (stealth).
  6340 | D:8      | 6340 ||| Stepping ~*~*~tactically~*~*~ (stealth).
  6355 | D:8      | Reached skill level 9 in Fighting
  6534 | D:8      | Found a hazy altar of Hepliaklqana.
  6664 | D:8      | Reached skill level 9 in Armour
  6665 | D:8      | 6665 ||| Stepping ~*~*~tactically~*~*~ (stealth).
  6668 | D:8      | 6668 ||| Stepping ~*~*~tactically~*~*~ (stealth).
  6669 | D:8      | 6669 ||| Stepping ~*~*~tactically~*~*~ (stealth).
  6670 | D:8      | 6670 ||| Stepping ~*~*~tactically~*~*~ (stealth).
  6673 | D:8      | 6673 ||| Stepping ~*~*~tactically~*~*~ (stealth).
  7029 | D:8      | 7029 ||| Stepping ~*~*~tactically~*~*~ (stealth).
  7041 | D:8      | 7041 ||| DROPPING +2 whip of freezing.
  7261 | D:8      | 7261 ||| DROPPING amulet of guardian spirit.
  7262 | D:8      | 7262 ||| READING scroll labelled TUQ IPSEMP.
  7339 | D:9      | 7339 ||| Stepping ~*~*~tactically~*~*~ (hiding).
  7340 | D:9      | 7340 ||| Stepping ~*~*~tactically~*~*~ (hiding).
  7341 | D:9      | 7341 ||| Stepping ~*~*~tactically~*~*~ (hiding).
  7342 | D:9      | 7342 ||| Stepping ~*~*~tactically~*~*~ (hiding).
  7521 | D:9      | 7521 ||| Stepping ~*~*~tactically~*~*~ (hiding).
  7554 | D:9      | 7554 ||| Stepping ~*~*~tactically~*~*~ (hiding).
  7607 | D:9      | Reached XP level 11. HP: 71/71 MP: 11/11
  7636 | D:9      | Found a bloodstained altar of Trog.
  7668 | D:9      | Found a sacrificial altar of Ru.
  7675 | D:9      | 7675 ||| Stepping ~*~*~tactically~*~*~ (hiding).
  7676 | D:9      | 7676 ||| Stepping ~*~*~tactically~*~*~ (hiding).
  7707 | D:9      | Reached skill level 12 in Axes
  7869 | D:9      | 7869 ||| FLEEEEING.
  7960 | D:9      | 7960 ||| Stepping ~*~*~tactically~*~*~ (hiding).
  7970 | D:9      | Found a shimmering blue altar of Sif Muna.
  7974 | D:9      | Found a white marble altar of Elyvilon.
  7975 | D:9      | 7975 ||| READING scroll labelled AMNOATU CAUHU.
  7978 | D:9      | 7978 ||| Stepping ~*~*~tactically~*~*~ (cloud).
  7985 | D:9      | 7985 ||| Stepping ~*~*~tactically~*~*~ (hiding).
  8276 | D:9      | 8276 ||| READING scroll labelled IMOUPT SEIFO.
  8277 | D:9      | 8277 ||| READING 11 scrolls of identify.
  8277 | D:9      | 8277 ||| IDENTIFYING lumpy green potion
  8278 | D:9      | 8278 ||| DROPPING potion of flight.
  8292 | D:10     | Entered Level 10 of the Dungeon
  8348 | D:10     | 8348 ||| Stepping ~*~*~tactically~*~*~ (stealth).
  8359 | D:10     | Found a stormy altar of Qazlal.
  8474 | D:10     | Reached skill level 6 in Shields
  8538 | D:10     | HP: 18/72 [yak (2)]
  8539 | D:10     | 8539 ||| READING 5 scrolls of teleportation.
  8772 | D:10     | Found an iron altar of Okawaru.
  8776 | D:10     | Found an ornate altar of the Wu Jian Council.
  8777 | D:10     | 8777 ||| PLANNING OKAWARU WORSHIP
  8777 | D:10     | 8777 ||| READING 10 scrolls of identify.
  8777 | D:10     | 8777 ||| IDENTIFYING puce potion
  8778 | D:10     | 8778 ||| PLANNING D:1-11
  8836 | D:10     | 8836 ||| Stepping ~*~*~tactically~*~*~ (hiding).
  8839 | D:10     | 8839 ||| Stepping ~*~*~tactically~*~*~ (hiding).
  8955 | D:10     | 8955 ||| Stepping ~*~*~tactically~*~*~ (hiding).
  8959 | D:10     | 8959 ||| Stepping ~*~*~tactically~*~*~ (stealth).
  9008 | D:10     | Found a staircase to the Lair.
  9159 | D:10     | 9159 ||| PLANNING OKAWARU WORSHIP
  9163 | D:10     | 9163 ||| PLANNING D:1-11
  9192 | D:10     | Found a staircase to the Orcish Mines.
  9364 | D:10     | Found a burning altar of Makhleb.
  9449 | D:11     | Noticed a boulder beetle
  9468 | D:11     | Killed a boulder beetle
  9509 | D:11     | Noticed a cyclops
  9510 | D:11     | 9510 ||| Stepping ~*~*~tactically~*~*~ (hiding).
  9517 | D:11     | Killed a cyclops
  9593 | D:11     | Noticed a cyclops
  9599 | D:11     | Reached skill level 13 in Axes
  9599 | D:11     | Killed a cyclops
  9708 | D:11     | Noticed a red ugly thing
  9715 | D:11     | Reached XP level 12. HP: 66/77 MP: 12/12
  9784 | D:11     | 9784 ||| READING scroll of enchant armour.
  9784 | D:11     | 9784 ||| ENCHANTING +0 pair of gloves.
  9849 | D:11     | 9849 ||| Stepping ~*~*~tactically~*~*~ (stealth).
  9860 | D:11     | 9860 ||| Stepping ~*~*~tactically~*~*~ (hiding).
 10083 | D:11     | 10083 ||| Stepping ~*~*~tactically~*~*~ (stealth).
 10188 | D:11     | Noticed a boulder beetle
 10209 | D:11     | Killed a boulder beetle
 10228 | D:11     | 10228 ||| DROPPING orb of energy.
 10229 | D:11     | 10229 ||| Stepping randomly (disturbance).
 10234 | D:11     | Noticed a two-headed ogre
 10235 | D:11     | 10235 ||| FLEEEEING.
 10236 | D:11     | 10236 ||| FLEEEEING.
 10243 | D:11     | Killed a two-headed ogre
 10244 | D:11     | Reached skill level 14 in Axes
 10354 | D:11     | Identified the +0 scale mail of the Sandy God {rPois rCorr
                  | Str+3}
 10361 | D:11     | Noticed a tengu warrior
 10368 | D:11     | Killed a tengu warrior
 10403 | D:11     | Noticed a fire dragon
 10404 | D:11     | 10404 ||| Stepping ~*~*~tactically~*~*~ (hiding).
 10418 | D:11     | Killed a fire dragon
 10520 | D:11     | Noticed a two-headed ogre
 10528 | D:11     | Killed a two-headed ogre
 10695 | D:11     | Noticed a two-headed ogre
 10701 | D:11     | Killed a two-headed ogre
 10717 | D:11     | Noticed an ogre mage
 10718 | D:11     | 10718 ||| Stepping ~*~*~tactically~*~*~ (stealth).
 10720 | D:11     | 10720 ||| Stepping ~*~*~tactically~*~*~ (hiding).
 10723 | D:11     | 10723 ||| Stepping ~*~*~tactically~*~*~ (hiding).
 10727 | D:11     | Killed an ogre mage
 10853 | D:11     | Identified the +6 falchion of Honour {distort, rF- rN+
                  | Int+3}
 10925 | D:11     | 10925 ||| PLANNING LAIR
 10925 | D:11     | 10925 ||| READING 10 scrolls of identify.
 10925 | D:11     | 10925 ||| IDENTIFYING green potion
 10971 | Lair:1   | Entered Level 1 of the Lair of Beasts
 10982 | Lair:1   | 10982 ||| Stepping ~*~*~tactically~*~*~ (stealth).
 10992 | Lair:1   | 10992 ||| Stepping ~*~*~tactically~*~*~ (stealth).
 10993 | Lair:1   | 10993 ||| Stepping ~*~*~tactically~*~*~ (stealth).
 10994 | Lair:1   | 10994 ||| Stepping ~*~*~tactically~*~*~ (stealth).
 11290 | Lair:1   | 11290 ||| Stepping ~*~*~tactically~*~*~ (stealth).
 11377 | Lair:1   | Found an opulent altar of Gozag.
 11560 | Lair:1   | 11560 ||| Stepping ~*~*~tactically~*~*~ (stealth).
 11576 | Lair:1   | 11576 ||| Stepping ~*~*~tactically~*~*~ (stealth).
 11722 | Lair:1   | 11722 ||| DRINKING 2 murky purple potions.
 11723 | Lair:1   | 11723 ||| READING 12 scrolls of identify.
 11723 | Lair:1   | 11723 ||| IDENTIFYING clear potion
 11724 | Lair:1   | 11724 ||| DROPPING potion of invisibility.
 11725 | Lair:1   | 11725 ||| DROPPING potion of brilliance.
 11773 | Lair:2   | Noticed a catoblepas
 11783 | Lair:2   | Reached XP level 13. HP: 55/84 MP: 13/13
 11934 | Lair:2   | Found a staircase to the Snake Pit.
 11935 | Lair:2   | Noticed Urug
 11944 | Lair:2   | Paralysed by Urug for 3 turns
 11950 | Lair:2   | Killed Urug
 12086 | Lair:2   | 12086 ||| Stepping ~*~*~tactically~*~*~ (stealth).
 12087 | Lair:2   | 12087 ||| Stepping ~*~*~tactically~*~*~ (stealth).
 12088 | Lair:2   | 12088 ||| Stepping ~*~*~tactically~*~*~ (stealth).
 12103 | Lair:2   | Noticed Erica
 12107 | Lair:2   | 12107 ||| Stepping ~*~*~tactically~*~*~ (stealth).
 12109 | Lair:2   | 12109 ||| Stepping ~*~*~tactically~*~*~ (stealth).
 12113 | Lair:2   | 12113 ||| PLANNING OKAWARU WORSHIP
 12120 | Lair:2   | HP: 14/84 [something (9)]
 12121 | Lair:2   | 12121 ||| DRINKING 2 potions of curing.
 12121 | Lair:2   | 12121 ||| (to cure confusion)
 12121 | Lair:2   | HP: 1/84 [something (6)]
 12122 | Lair:2   | Mangled by Erica

Levels and vault maps discovered:
D:1:      nagdon_arrival_double_spiral, layout_basic, serial_shops, shop
D:2:      layout_basic
D:3:      layout_loops_cross, overflow_temple_1_default,
          ebering_ecumenical_altar_box, nicolae_concentric_dashed_squares_wild
D:4:      layout_loops_cross, tgw_kikubaaqudgha, temple_pool_b
D:5:      layout_basic, mainiacjoe_overflow_concentric_impassable
D:6:      layout_rooms, grunt_dithmenos_smoke_and_mirrors,
          nemelex_diamond_rough_becter, serial_shops, nicolae_shop_waterfront,
          minmay_mini_ossuary, uniq_eustachio, uniq_crazy_yiuf_cottage,
          uniq_pikel
D:7:      layout_layer_cave, nicolae_uskayaw_suspiria
D:8:      layout_cave_pods, ashenzari_altar_1, lemuel_round_altar,
          nicolae_sextant
D:9:      layout_rooms, lemuel_doored_altar, kennysheep_mini,
          nicolae_overflow_squiral, serial_ice, serial_ice_n, serial_ice_h,
          serial_ice_i, serial_ice_o, minmay_variable_closet
D:10:     layout_basic, kennysheep_little_box, lemuel_tele_altar,
          mainiacjoe_overflow_catwalk_spiral, due_lair_maze_entry_diamond
D:11:     nicolae_hexawheel, layout_long_grid
Temple:   hellmonk_temple_flake
Lair:1:   layout_regular_city, basic_altar, minmay_holes
Lair:2:   layout_misc_corridors, skrybe_swamp_entry_bodies,
          guppyfry_snake_entry_island, minivault_23, uniq_urug, uniq_erica

Skill      XL: |  1  2  3  4  5  6  7  8  9 10 11 12 |
---------------+-------------------------------------+-----
Axes           | 2 3 11 13 14 | 14.9
Dodging        | 1 2 |  2.0
Fighting       | 4 5 6 8 9 10 11 | 11.0
Throwing       | 1 2 |  2.5
Shields        | 4 5 6 7 |  7.2
Armour         | 5 7 9 10 11 | 11.0

Action                     |  1- 3 |  4- 6 |  7- 9 | 10-12 | 13-15 || total
---------------------------+-------+-------+-------+-------+-------++-------
  Melee: War axe           |    69 |    78 |   146 |   446 |    24 ||   763
         Unarmed           |       |       |       |       |     3 ||     3
  Throw: Boomerang         |       |       |    63 |    27 |       ||    90
         Javelin           |       |       |       |       |     7 ||     7
    Use: Scroll            |     4 |     7 |     1 |    12 |       ||    24
         Potion            |       |     5 |     3 |     1 |     1 ||    10
   Stab: Distracted        |       |       |     3 |     3 |     1 ||     7
 Armour: Scale mail        |    26 |    16 |     5 |       |       ||    47
         Plate armour      |       |       |    54 |   217 |    11 ||   282
  Dodge: Dodged            |    34 |    12 |    19 |    86 |     4 ||   155
  Block: Buckler           |    15 |    20 |    69 |   163 |     4 ||   271
         Reflection        |       |       |     9 |     3 |       ||    12

Table legend:
 A = Non-vault XP
 B = Vault XP
 C = Vault XP percentage of total XP
 D = Non-vault monster count
 E = Vault monster count
 F = Vault count percentage of total count
                 A         B        C        D         E       F
            +---------+---------+-------+---------+---------+-------
      Total |   22487 |   13152 |  36.9 |     253 |      49 |  16.2
            +---------+---------+-------+---------+---------+-------
        D:1 |      33 |       0 |   0.0 |      15 |       0 |   0.0
        D:2 |      58 |       0 |   0.0 |      18 |       0 |   0.0
        D:3 |      48 |       0 |   0.0 |      20 |       0 |   0.0
        D:4 |     193 |       0 |   0.0 |      11 |       0 |   0.0
        D:5 |    1286 |       0 |   0.0 |      25 |       0 |   0.0
        D:6 |     665 |     915 |  57.9 |      17 |       7 |  29.2
        D:7 |    1518 |       0 |   0.0 |      29 |       0 |   0.0
        D:8 |    3244 |       0 |   0.0 |      30 |       0 |   0.0
        D:9 |     645 |    1526 |  70.3 |      13 |      14 |  51.9
       D:10 |    3664 |    1275 |  25.8 |      30 |      10 |  25.0
       D:11 |    3822 |    8458 |  68.9 |      15 |      16 |  51.6
     Lair:1 |    4483 |       0 |   0.0 |      21 |       0 |   0.0
     Lair:2 |    2828 |     978 |  25.7 |       9 |       2 |  18.2
            +---------+---------+-------+---------+---------+-------
